AoeStats
← Food, please

Lombardia

507713445Analyzed
2v2 RM · 12d ago on Sep 19, 2026· 31m 45s· 4 players
Game mode
Random Map
Map size
Medium (4 player)
Population
200
Speed
Normal
Resources
Standard
Victory
Conquest
Starting age
Dark Age
Ending age
Imperial Age
RankedLock teamsTeams togetherTeam positionsShared explorationLock speedFull tech treeHidden civsTurbo modeCheats
Victory
Defeat
🇵🇪 Romans · Peru
1276
+19
🇦🇷 Saracens · Argentina
1262
+19
🇮🇶 Celts · Iraq
1359
-20
🇹🇷 Vietnamese · Türkiye
1315
-18
Food, please
5:58 Loom
11:13 Feudal Age
16:36 Castle Age
15:52 Horse Collar
15:59 Double-Bit Axe
16:24 Gold Mining
18:19 Crossbowman
22:23 Elite Skirmisher
23:43 Wheelbarrow
23:29 Pikeman
25:29 Hand Cart
1996
8:23 Loom
10:43 Feudal Age
17:20 Castle Age
15:49 Horse Collar
15:56 Double-Bit Axe
16:33 Fletching
18:26 Bow Saw
22:59 Heavy Plow
24:10 Wheelbarrow
23:01 Crossbowman
24:42 Padded Archer Armor
25:27 Bodkin Arrow
25:17 Elite Skirmisher
25:39 Pikeman
29:08 Leather Archer Armor
30:23 Thumb Ring
31:34 Ballistics
juanjemer
10:51 Loom
12:37 Feudal Age
13:17 Man-at-Arms
15:09 Horse Collar
15:16 Double-Bit Axe
17:08 Wheelbarrow
20:51 Castle Age
20:03 Gold Mining
21:09 Fletching
21:28 Crossbowman
23:42 Bodkin Arrow
28:36 Bow Saw
30:31 Ballistics
LAO9
10:06 Feudal Age
11:13 Loom
11:40 Horse Collar
14:24 Forging
16:06 Double-Bit Axe
18:09 Gold Mining
18:33 Scale Barding Armor
21:00 Castle Age
20:15 Bloodlines
22:11 Husbandry
22:33 Chain Barding Armor
22:49 Iron Casting
24:52 Wheelbarrow
27:44 Fervor
Connection lost

Rejoining the realm…

Still unreachable

The connection could not be restored.

Session expired

The server has moved on; the page needs a fresh start.